 Dungeon Crawl Stone Soup version 0.30-a0-390-g80c34de65d (webtiles) character file.

Game seed: 18106953331363387529

20990 p00ps00p the Fighter (level 12, -11/112 HPs)
             Began as a Hill Orc Fighter on Dec 4, 2022.
             Was an Initiate of Gozag.
             Mangled by an orc warrior
             ... wielding a +0 glaive
              (19 damage)
             ... on level 2 of the Orcish Mines on Dec 5, 2022.
             The game lasted 00:45:42 (15903 turns).

p00ps00p the Fighter (Hill Orc Fighter)            Turns: 15903, Time: 00:45:43

Health: -11/112    AC: 28    Str: 24    XL:     12   Next: 85%
Magic:  12/12      EV:  8    Int:  8    God:    Gozag
Gold:   1108       SH:  0    Dex: 10    Spells: 11/11 levels left

rFire   . . .      SeeInvis +    H - +5 war axe
rCold   + . .      Faith    .    c - +0 buckler
rNeg    . . .      Spirit   .    r - +0 shadow dragon scales
rPois   .          Reflect  .    F - +1 helmet {SInv}
rElec   .          Harm     .    b - +2 cloak of the Thief {*Fog Slay-2 SInv Stlth+}
rCorr   .          Rampage  .    C - +0 pair of gloves {infuse}
Will    .....                    z - +3 pair of mountain boots {steadfast, rC+}
Stlth   +++.......               K - amulet of regeneration
HPRegen 1.18/turn                k - ring of see invisible
MPRegen 0.13/turn                (no ring)

@: confused, ambrosia-drunk
A: no striking features
a: Renounce Religion, Potion Petition, Call Merchant, Bribe Branch


You were on level 2 of the Orcish Mines.
You worshipped Gozag.
Gozag was most pleased with you.
You visited 3 branches of the dungeon, and saw 15 of its levels.
You also visited: Gauntlet.

You collected 2676 gold pieces.
You spent 202 gold pieces at shops.
You paid 1366 gold pieces to Gozag.

Inventory:

Hand Weapons
 a - a +1 war axe
 m - the +7 whip "Beastslayer" {pain, rElec rPois rN++ Stlth-}
   (You found it on level 5 of the Dungeon)

   In the hands of one skilled in necromantic magic, it inflicts extra damage on
   living creatures.
   rElec:     It insulates you from electricity.
   rPois:     It protects you from poison.
   rN:        It greatly protects you from negative energy.
   Stlth:     It makes you less stealthy.
 n - a +1 short sword of flaming
 u - a +2 rapier of flaming
 E - a +5 sling
 H - a +5 war axe (weapon)
 M - the +14 Maxwell's thermic engine {flame, freeze}
   (You took it off a minotaur in a Gauntlet)

   It burns those it strikes, dealing additional fire damage.
   Big, fiery blades are also staple armaments of hydra-hunters.
   It freezes those it strikes, dealing additional cold damage.
   It can also slow down cold-blooded creatures.
   It becomes more effective when it hits something.
   This effect fades over time.
 Q - the +2 hand axe "Jomoc" {flame, rN+ Int-2 Stlth+}
   (You found it in a Gauntlet)

   It burns those it strikes, dealing additional fire damage.
   Big, fiery blades are also staple armaments of hydra-hunters.
   Int:       It affects your intelligence (-2).
   rN:        It protects you from negative energy.
   Stlth:     It makes you more stealthy.
Missiles
 N - 7 javelins
Armour
 b - the +2 cloak of the Thief (worn) {*Fog Slay-2 SInv Stlth+}
   (You found it on level 5 of the Dungeon)

   It may release a thick cloud of smoke when the wearer is hurt.
   Slay:      It affects your accuracy & damage with ranged weapons and melee
   (-2).
   SInv:      It lets you see invisible.
   Stlth:     It makes you more stealthy.
 c - a +0 buckler (worn)
 l - a +2 pair of boots
 r - +0 shadow dragon scales (worn)
 z - the +3 pair of mountain boots (worn) {steadfast, rC+}
   (You found it in a Gauntlet)

   It prevents involuntary movement, except for blinking, teleportation, or
   banishment.
   rC:        It protects you from cold.
 C - a +0 pair of gloves of infusion (worn)
 F - a +1 helmet of see invisible (worn)
Jewellery
 k - a ring of see invisible (left hand)
 D - an amulet of magic regeneration
 I - a ring of wizardry
 K - an amulet of regeneration (around neck)
Wands
 e - a wand of acid (8)
 G - a wand of mindburst (9)
 O - a wand of polymorph (4)
 P - a wand of flame (3)
Scrolls
 y - a scroll of fog
 L - a scroll of identify
Potions
 d - 2 potions of might
 f - a potion of ambrosia
 g - a potion of magic
 h - 2 potions of mutation
 i - 3 potions of degeneration
 o - 2 potions of lignification
 p - 2 potions of attraction
 q - a potion of resistance
 s - a potion of berserk rage
 t - 2 potions of invisibility {unknown}
 v - 2 potions of flight {unknown}
 x - 2 potions of brilliance {unknown}
 A - a potion of cancellation
Miscellaneous
 w - a condenser vane


   Skills:
 + Level 12.2 Fighting
 + Level 10.6(11.6) Axes
 - Level 6.3(8.5) Maces & Flails
 + Level 11.2 Armour
 + Level 11.3 Shields
 - Level 8.0 Necromancy


You had 11 spell levels left.
You didn't know any spells.
Your spell library contained the following spells:

 Spells                   Type           Power      Damage    Failure   Level
 Necrotise                Necr           48%        1d6       10%         1
 Apportation              Tloc           0%         N/A       95%         1
 Summon Small Mammal      Summ           0%         N/A       95%         1
 Ignite Poison            Fire/Tmut/Pois 0%         N/A       100%        3
 Sticky Flame             Conj/Fire      0%         2d3       100%        4
 Ignition                 Fire           0%         3d3       100%        8


Dungeon Overview and Level Annotations

Branches:
Dungeon (12/15)            Temple (1/1) D:5            Lair (0/5) D:10
    Orc (2/2) D:12            Elf (0/3) Orc:2       Gauntlet (visited)

Altars:
Ashenzari
Cheibriados
Dithmenos
Elyvilon
Fedhas
Gozag
Hepliaklqana
Kikubaaqudgha
Makhleb
Nemelex Xobeh
Okawaru
Qazlal
Ru
Sif Muna
Trog
Uskayaw
Vehumet
Wu Jian
Xom
Yredelemnul
Zin
The Shining One

Shops:
D:3 !   D:9 =[   D:10 =   D:11 ?   Orc:2 (


Message History

The warg bites you but does no damage.
You hear a howl!
You hear a shout!
You slice the warg!!
The warg is heavily wounded.
You barely miss the orc warrior. The warg bites you but does no damage.
You slash the warg!
The warg is almost dead.
You barely miss the orc warrior.
You hit the orc warrior but do no damage.
The warg stops to sniff the ground.
The warg closely misses you.
The orc warrior hits you with a +0 glaive.
* * * LOW HITPOINT WARNING * * *
The orc warrior hits you with a +0 dire flail!
* * * LOW HITPOINT WARNING * * *
You feel better. You block the warg's attack.
The orc warrior hits you with a +0 glaive!
* * * LOW HITPOINT WARNING * * *
You block the orc warrior's attack.
You are confused.
You feel invigorated. The warg closely misses you.
A warg comes into view.
The warg barely misses you.
The orc warrior hits you but does no damage. x2
An orc warrior comes into view. It is wielding a +0 mace.
You're too confused to move!
The warg bites you!
* * * LOW HITPOINT WARNING * * *
The orc warrior hits you but does no damage.
You feel better.
You feel less invigorated. The warg bites you but does no damage.
The orc warrior hits you but does no damage.
The warg bites you but does no damage.
You are confused.
You feel invigorated. The warg bites you!
* * * LOW HITPOINT WARNING * * *
The orc knight hits you with a +0 great sword!
* * * LOW HITPOINT WARNING * * *
The orc warrior hits you with a +0 glaive!!
You die...
Your body crumbles into a pile of gold.

*,*,,,,,*,,,,,,,.........##
*,***'***.........$.......#
*,,,,,,,..................#
*,,**+**#..o.............##
,,,*,,,,#.................#
*,,*,,,,#................##
*,,*,,,∩#.....h...........#
*,,*****#......oo.........#
,,,,,,,,.......o@....$.$..#
,,,,,,,,.......h$....$$$.##
,,,,,,,,......$$.$$.$.....#
,,,,,,,,.........$..$.....#
,,,,,,,,.........$$$......#
,,,,,,,,.................##
,,,$,,,,.................#*
,,,,,,,,..................#
,,,,,,,,$.................#


You could see an orc knight, 2 wargs and 3 orc warriors.

Vanquished Creatures
  A minotaur (Gauntlet)
  A centaur warrior (D:12)
  A two-headed ogre (D:12)
  Erica (D:8)
  An orc high priest (Orc:2)
  Urug (D:10)
  Pikel (D:5)
  An orc knight (Orc:2)
  A wizard (Gauntlet)
  2 orc sorcerers
  2 cyclopes (D:12)
  Maurice (D:8)
  Joseph (D:7)
  Maggie (D:8)
  A komodo dragon (D:10)
  Psyche (D:8)
  7 trolls
  A raiju (Gauntlet)
  Prince Ribbit (D:7)
  A vampire (D:9)
  2 wraiths
  2 wyverns (D:8)
  2 shadows
  25 yaks
  Grum (D:8)
  3 vampire mosquitoes (D:10)
  3 wargs (Orc:2)
  2 ice beasts
  11 orc warriors
  2 sky beasts (D:7)
  3 black bears
  6 ogres
  3 wolves (D:8)
  3 centaurs
  A phantom (D:5)
  2 kobold brigands (D:6)
  4 bullfrogs
  Blork the orc (D:4)
  2 scorpions (D:5)
  8 wights
  11 killer bees
  5 howler monkeys
  A jelly (D:6)
  A gnoll bouda (D:5)
  12 orc priests
  2 hounds (D:4)
  Crazy Yiuf (D:6)
  3 iguanas
  Ijyb (D:4)
  11 orc wizards
  2 lightning spires (Gauntlet)
  8 gnolls
  11 adders
  2 shadow imps
  2 ufetubi
  3 dart slugs
  58 orcs
  4 endoplasms
  3 giant cockroaches
  5 goblins
  9 hobgoblins
  5 jackals
  14 kobolds
  2 quokkas
  8 ball pythons
  A bat (D:3)
  5 frilled lizards
  9 rats
  A bush (D:2)
314 creatures vanquished.

Vanquished Creatures (others)
  A kobold (D:6)
  17 fungi (D:10)
  47 plants
65 creatures vanquished.

Grand Total: 379 creatures vanquished

Notes
Turn   | Place    | Note
-------+----------+-------------------------------------------
     0 | D:1      | p00ps00p the Hill Orc Fighter began the quest for the Orb.
     0 | D:1      | Reached XP level 1. HP: 19/19 MP: 1/1
   244 | D:1      | Reached XP level 2. HP: 27/27 MP: 2/2
   392 | D:1      | Reached skill level 4 in Fighting
   657 | D:1      | Reached XP level 3. HP: 33/33 MP: 3/3
  1029 | D:2      | Reached XP level 4. HP: 33/40 MP: 4/4
  1707 | D:3      | Found Julim's Distillery.
  1719 | D:3      | Reached XP level 5. HP: 30/47 MP: 5/5
  2978 | D:4      | Noticed Blork the orc
  2991 | D:4      | Killed Blork the orc
  2992 | D:4      | Reached skill level 5 in Fighting
  2992 | D:4      | Reached XP level 6. HP: 34/56 MP: 6/6
  3111 | D:4      | Noticed Ijyb
  3116 | D:4      | Paralysed by Ijyb for 5 turns
  3124 | D:4      | Paralysed by Ijyb for 2 turns
  3131 | D:4      | Paralysed by Ijyb for 5 turns
  3148 | D:4      | Killed Ijyb
  3149 | D:4      | Reached skill level 5 in Axes
  3733 | D:4      | Found an ornate altar of the Wu Jian Council.
  3831 | D:5      | Entered Level 5 of the Dungeon
  3842 | D:5      | Reached skill level 5 in Shields
  3849 | D:5      | Reached skill level 5 in Armour
  3849 | D:5      | Reached XP level 7. HP: 22/61 MP: 7/7
  4110 | D:5      | Found the +2 cloak of the Thief {*Fog Slay-2 SInv Stlth+}
  4376 | D:5      | Reached skill level 6 in Fighting
  4483 | D:5      | Identified the +7 whip "Beastslayer" {pain, rElec rPois
                  | rN++ Stlth-}
  4674 | D:5      | Found a staircase to the Ecumenical Temple.
  4721 | D:5      | Reached XP level 8. HP: 70/71 MP: 8/8
  4725 | Temple   | Entered the Ecumenical Temple
  4944 | Temple   | Became a worshipper of Gozag Ym Sagoz the Greedy
  5185 | D:6      | Noticed Pikel
  5354 | D:5      | Killed Pikel
  5355 | D:5      | Reached skill level 7 in Fighting
  5661 | D:6      | Reached skill level 1 in Maces & Flails
  5800 | D:6      | Reached XP level 9. HP: 79/79 MP: 9/9
  6262 | D:6      | Found a runed translucent door.
  6263 | D:6      | Noticed Crazy Yiuf
  6380 | D:6      | Killed Crazy Yiuf
  6442 | D:7      | Reached skill level 8 in Fighting
  6765 | D:7      | Noticed Prince Ribbit
  6773 | D:7      | Killed Prince Ribbit
  7223 | D:7      | Noticed Joseph
  7225 | D:7      | Paralysed by Joseph for 5 turns
  7254 | D:7      | Paralysed by Joseph for 3 turns
  7259 | D:7      | Killed Joseph
  7568 | D:7      | Reached skill level 9 in Fighting
  7662 | D:8      | Noticed Psyche
  7680 | D:8      | Killed Psyche
  7681 | D:8      | Reached XP level 10. HP: 91/91 MP: 10/10
  7688 | D:8      | Noticed Maurice
  7711 | D:8      | Killed Maurice
  7712 | D:8      | Reached skill level 5 in Maces & Flails
  7718 | D:8      | Identified the +1 ring mail of Fom Fuf {*Slow Str+9 Dex+3}
  8034 | D:8      | Found a glowing golden altar of the Shining One.
  8036 | D:8      | Noticed an angel
  8130 | D:8      | Noticed Maggie
  8148 | D:8      | Killed Maggie
  8315 | D:8      | Noticed Grum
  8340 | D:8      | Killed Grum
  8865 | D:8      | Found a basalt altar of Yredelemnul.
  8867 | D:8      | Noticed a profane servitor
  8918 | D:8      | Noticed Erica
  8934 | D:8      | Killed Erica
  8935 | D:8      | Reached skill level 10 in Fighting
  9155 | D:9      | Found Ganycoar's Jewellery Shop.
  9161 | D:9      | Bought a pair of runed gloves for 202 gold pieces
  9585 | D:9      | Reached skill level 1 in Necromancy
  9709 | D:9      | Reached XP level 11. HP: 52/100 MP: 0/11
  9940 | D:9      | Reached skill level 5 in Necromancy
 10918 | D:10     | Entered Level 10 of the Dungeon
 11766 | D:10     | Noticed Urug
 11779 | D:10     | Killed Urug
 11963 | D:10     | Found a staircase to the Lair.
 12095 | D:10     | Found a hide-covered altar of Uskayaw.
 12195 | D:10     | Identified the +2 robe "Zef Nebi" {+Inv rF- Str+5 SInv}
 12320 | D:11     | Found Roicol's Magic Scroll Emporium.
 12680 | D:11     | Reached skill level 10 in Shields
 12811 | D:11     | Reached skill level 10 in Armour
 13045 | D:12     | Noticed a two-headed ogre
 13066 | D:12     | Killed a two-headed ogre
 13067 | D:12     | Reached skill level 11 in Fighting
 13067 | D:12     | Reached XP level 12. HP: 72/110 MP: 4/12
 13071 | D:12     | Found a gate leading to a gauntlet.
 13079 | Gauntlet | Entered a Gauntlet
 13079 | Gauntlet | Found a transporter.
 13174 | Gauntlet | Found a transporter.
 13189 | Gauntlet | Found a transporter.
 13194 | Gauntlet | Found a transporter.
 13209 | Gauntlet | Found the +3 pair of mountain boots {steadfast, rC+}
 13211 | Gauntlet | Found a transporter.
 13229 | Gauntlet | Found a transporter.
 13237 | Gauntlet | Found a large runed translucent door.
 13238 | Gauntlet | Found a large runed translucent door.
 13239 | Gauntlet | Found a large runed translucent door.
 13239 | Gauntlet | Found a large runed translucent door.
 13240 | Gauntlet | Found a runed translucent gate.
 13241 | Gauntlet | Found a transporter.
 13241 | Gauntlet | Found a runed translucent gate.
 13242 | Gauntlet | Found a runed translucent gate.
 13243 | Gauntlet | Found a large runed translucent door.
 13243 | Gauntlet | Found a large runed translucent door.
 13244 | Gauntlet | Found a large runed translucent door.
 13245 | Gauntlet | Found a large runed translucent door.
 13253 | Gauntlet | Found a transporter.
 13265 | Gauntlet | Found a transporter.
 13277 | Gauntlet | Found a transporter.
 13288 | Gauntlet | Noticed a balrug
 13294 | Gauntlet | Found a transporter.
 13312 | Gauntlet | Found a transporter.
 13314 | Gauntlet | Found a transporter.
 13339 | Gauntlet | Found a transporter.
 13341 | Gauntlet | Found a transporter.
 13361 | Gauntlet | Found a transporter.
 13435 | Gauntlet | Found a large runed translucent door.
 13435 | Gauntlet | Found a large runed translucent door.
 13435 | Gauntlet | Found a runed translucent door.
 13435 | Gauntlet | Found a runed translucent door.
 13436 | Gauntlet | Found a large runed translucent door.
 13437 | Gauntlet | Found a large runed translucent door.
 13439 | Gauntlet | Found a transporter.
 13455 | Gauntlet | Found a large runed translucent door.
 13455 | Gauntlet | Found a large runed translucent door.
 13456 | Gauntlet | Found a large runed translucent door.
 13457 | Gauntlet | Found a large runed translucent door.
 13461 | Gauntlet | Found a transporter.
 14022 | Gauntlet | Noticed a minotaur
 14046 | Gauntlet | Killed a minotaur
 14060 | Gauntlet | Identified the +2 spear of the Bedazzling Gnat {spect,
                  | Int+5}
 14060 | Gauntlet | Identified the +2 hand axe "Jomoc" {flame, rN+ Int-2
                  | Stlth+}
 14342 | D:12     | Noticed a centaur warrior
 14356 | D:12     | Killed a centaur warrior
 14415 | D:12     | Found a staircase to the Orcish Mines.
 14457 | Orc:1    | Entered Level 1 of the Orcish Mines
 15642 | Orc:2    | Entered Level 2 of the Orcish Mines
 15645 | Orc:2    | Found Uqinaff's Weapon Boutique.
 15699 | Orc:2    | Reached skill level 10 in Axes
 15819 | Orc:2    | Noticed an orc high priest
 15829 | Orc:2    | Killed an orc high priest
 15830 | Orc:2    | Reached skill level 12 in Fighting
 15897 | Orc:2    | HP: 3/112 [orc warrior/+0 dire flail (9)]
 15898 | Orc:2    | HP: 1/112 [orc warrior/+0 glaive (10)]
 15903 | Orc:2    | Mangled by an orc warrior

Illustrated notes

Levels and vault maps discovered:
D:1:      dpeg_arrival_simpleton_a, layout_loops_ring
D:2:      layout_rooms, kennysheep_boxes
D:3:      layout_basic, serial_shops, shop, grunt_ministairs_15
D:4:      layout_basic, pdpol_wu_jian_five_deadly_venoms, roderic_st_hans_cross,
          uniq_blork_the_orc, uniq_ijyb
D:5:      layout_rooms, minmay_temple_entry_trees, nicolae_titane
D:6:      layout_cave_pools, kennysheep_crisscross, uniq_pikel,
          uniq_crazy_yiuf_cottage
D:7:      hellmonk_destroyed_diamonds, layout_gridville, uniq_joseph,
          uniq_prince_ribbit1
D:8:      layout_gridville, grunt_temple_overflow_holy_war, uniq_psyche,
          uniq_maurice, uniq_grum, uniq_maggie, uniq_erica
D:9:      layout_stronghold, serial_shops, kennysheep_mini
D:10:     layout_loops_ring, nicolae_overflow_crystal_walls,
          grunt_lair_entry_orc_guard_hut, kennysheep_pointless_box, uniq_urug
D:11:     layout_basic, serial_shops, nicolae_stop_n_shop_1
D:12:     layout_small_grid, david_orc_3, gauntlet_entry_generic
Temple:   mainiacjoe_temple_bowtie_tessellation
Orc:1:    layout_caves, nicolae_orc_pool_cavern
Orc:2:    st_orc_town, layout_caves, serial_shops,
          nicolae_shop_bloodbath_and_beyond, statue_in_the_mist_lemuel,
          lightli_orcish_oven

Skill      XL: |  1  2  3  4  5  6  7  8  9 10 11 12 |
---------------+-------------------------------------+-----
Axes           | 3 4 5 6 7 8 10 | 10.6
Fighting       | 4 5 6 7 9 10 11 12 | 12.2
Shields        | 4 5 6 8 9 10 11 | 11.3
Armour         | 4 5 6 8 9 10 11 | 11.2
Maces & Flails | 1 4 6 |  6.3
Necromancy     | 3 8 |  8.0

Action                   |  1- 3 |  4- 6 |  7- 9 | 10-12 || total
-------------------------+-------+-------+-------+-------++-------
Melee: War axe           |    97 |   264 |    67 |   309 ||   737
       Whip              |       |       |   348 |   372 ||   720
 Fire: Sling             |       |       |     7 |       ||     7
Invok: Call Merchant     |       |       |       |     2 ||     2
Evoke: Wand              |       |       |     3 |    13 ||    16
  Use: Scroll            |       |     8 |     5 |    19 ||    32
       Potion            |       |       |     5 |    15 ||    20
 Stab: Sleeping          |       |       |     4 |     3 ||     7
       Distracted        |       |       |     1 |       ||     1
Armor: Scale mail        |    56 |    51 |       |       ||   107
       Chain mail        |       |    16 |       |       ||    16
       Shadow dragon sca |       |    69 |   376 |   492 ||   937
Dodge: Dodged            |    75 |    87 |   206 |   289 ||   657
Block: Buckler           |    25 |    51 |   123 |   241 ||   440

Table legend: (Time is in decaauts)
 A = Elapsed time spent in this place.
 B = Non-inter-level travel time spent in this place.
 C = Inter-level travel time spent in this place.
 D = Time resting spent in this place.
 E = Time spent auto-exploring this place.
 F = Levels seen in this place.
 G = Mean time per level.
                   A        B        C        D        E       F      G
               +--------+--------+--------+--------+--------+-----+--------+
         Total |  15875 |  15461 |    414 |   2723 |   8732 |  16 |  992.2 |
       Dungeon |  13221 |  12840 |    381 |   2083 |   7656 |  12 | 1101.8 |
        Temple |    252 |    219 |     33 |      0 |    202 |   1 |  252.0 |
  Orcish Mines |   1419 |   1419 |      0 |    404 |    573 |   2 |  709.5 |
      Gauntlet |    980 |    980 |      0 |    235 |    301 |   1 |  980.0 |
               +--------+--------+--------+--------+--------+-----+--------+

Top non-repeatable levels by time:
     D:9: 1790 daAuts
     D:5: 1421 daAuts
     D:8: 1407 daAuts
    D:10: 1388 daAuts
     D:3: 1207 daAuts
   Orc:1: 1183 daAuts
     D:6: 1162 daAuts
     D:4: 1053 daAuts
Gauntlet: 980 daAuts
     D:7: 962 daAuts
     D:2: 870 daAuts
     D:1: 818 daAuts
    D:11: 705 daAuts
    D:12: 433 daAuts
  Temple: 252 daAuts
